 Dungeon Sprint DCSS version 0.28-a0-1613-gdaab1c2f9b (webtiles) character file.

Game seed: 7101486105585093621

334 jt the Unseen (level 6, 3/28 HPs)
             Began as a Spriggan Abyssal Knight on Jan 21, 2022.
             Was a Believer of Lugonu.
             Got out of the dungeon alive.
             The game lasted 00:00:44 (126 turns).

jt the Unseen (Spriggan Abyssal Knight)              Turns: 126, Time: 00:00:44

Health: 3/28       AC:  2    Str:  9      XL:     6   Next: 27%
Magic:  7/7        EV: 18    Int: 10 (11) God:    Lugonu [**....]
Gold:   243        SH:  0    Dex: 18      Spells: 5/5 levels left

rFire   . . .      SeeInvis +   a - +1 short sword
rCold   . . .      Faith    .   (no shield)
rNeg    . . .      Spirit   .   b - +0 robe
rPois   .          Reflect  .   (helmet restricted)
rElec   .          Harm     .   (no cloak)
rCorr   .          Rampage  .   (gloves unavailable)
Will    +....      NoTele   +   (boots unavailable)
Stlth   ++++++....              (no amulet)
HPRegen 0.09/turn               (no ring)
MPRegen 0.10/turn               (no ring)

@: very quick
A: very small, no large weapons, unfitting armour, see invisible, speed 3, frail
2, low mp 1
a: Renounce Religion, Bend Space


You escaped.
You worshipped Lugonu.
Lugonu was pleased with you.
You visited 1 branch You collected 243 gold pieces.

Inventory:

Hand Weapons
 a - a +1 short sword (weapon)
Armour
 b - a +0 robe (worn)
Scrolls
 h - a scroll of blinking
Potions
 f - 2 potions of magic


   Skills:
 + Level 5.5 Fighting
 + Level 6.9 Short Blades
 - Level 3.2 Dodging
 + Level 15.5 Stealth
 + Level 1.7 Invocations


You had 5 spell levels left.
You didn't know any spells.
Your spell library was empty.

Dungeon Overview and Level Annotations

Branches:
Dungeon (1/1)

Altars:


Innate Abilities, Weirdness & Mutations

You are very small and have problems with some larger weapons.
You are too small for most types of armour.
You have supernaturally acute eyesight. (SInv)
You cover ground extremely quickly. (Speed+++)
You are very frail. (-20% HP)
Your magical capacity is low. (-10% MP)


Message History

You feel frail.
You closely miss the neqoxec.
The neqoxec is moderately wounded.
The neqoxec gestures at you.
Strange energies course through your body.
You feel frail.
You hit the neqoxec but do no damage.
The neqoxec is moderately wounded.
You hit the neqoxec but do no damage.
The neqoxec is moderately wounded.
The neqoxec gestures at you.
Something tries to feed on your intellect!
You hit the neqoxec but do no damage.
The neqoxec is moderately wounded.
The neqoxec gestures at you.
Something tries to feed on your intellect!
You hit the neqoxec.
The neqoxec is heavily wounded.
The neqoxec misses you.
You barely miss the neqoxec.
The neqoxec is heavily wounded.
You hit the neqoxec.
The neqoxec is heavily wounded.
The neqoxec hits you.
You hit the neqoxec.
The neqoxec is heavily wounded.
The neqoxec misses you.
You barely miss the neqoxec.
The neqoxec is heavily wounded.
The neqoxec misses you.
You barely miss the neqoxec.
The neqoxec is heavily wounded.
The neqoxec hits you!
* * * LOW HITPOINT WARNING * * *
You barely miss the neqoxec.
The neqoxec is heavily wounded.
There is an open door here.
There is a staircase leading out of the dungeon here.
Are you sure you want to leave the Dungeon?
This will make you lose the game!
You have escaped!

## #.##
#.## ###
##'###.##
##3##...#
+.@.†.##+
##.##...#
#+###.##


B#B ## .. .. ##. $## ## ## You could see a neqoxec.

Vanquished Creatures
  4 necrophages (D)
4 creatures vanquished.

Vanquished Creatures (others)
  A water moccasin (D)
1 creature vanquished.

Grand Total: 5 creatures vanquished

Notes
Turn   | Place    | Note
-------+----------+-------------------------------------------
     0 | D        | jt the Spriggan Abyssal Knight began the quest for the Orb.
     0 | D        | Reached XP level 1. HP: 11/11 MP: 3/3
     1 | D        | Noticed a boulder beetle
     1 | D        | Noticed a boulder beetle
     4 | D        | Noticed a necrophage
     4 | D        | Noticed a necrophage
     4 | D        | Noticed a necrophage
     4 | D        | Noticed a necrophage
    24 | D        | Killed a necrophage
    25 | D        | Reached skill level 12 in Stealth
    25 | D        | Reached XP level 2. HP: 16/16 MP: 4/4
    25 | D        | Reached XP level 3. HP: 19/19 MP: 5/5
    25 | D        | Reached XP level 4. HP: 23/23 MP: 6/6
    29 | D        | Killed a necrophage
    29 | D        | Reached ** piety under Lugonu
    30 | D        | Reached skill level 13 in Stealth
    30 | D        | Reached XP level 5. HP: 29/29 MP: 7/7
    35 | D        | Killed a necrophage
    36 | D        | Reached skill level 5 in Short Blades
    36 | D        | Reached skill level 14 in Stealth
    43 | D        | Killed a necrophage
    44 | D        | Reached skill level 5 in Fighting
    44 | D        | Reached skill level 15 in Stealth
    44 | D        | Reached XP level 6. HP: 35/35 MP: 8/8
    58 | D        | Killed a water moccasin
    96 | D        | Noticed a neqoxec
   107 | D        | Gained mutation: Your magical capacity is low. (-10% MP) [a
                  | neqoxec]
   110 | D        | Gained mutation: You are frail. (-10% HP) [a neqoxec]
   111 | D        | Gained mutation: You are very frail. (-20% HP) [a neqoxec]
   126 | D        | Got out of the dungeon alive.

Illustrated notes

Levels and vault maps discovered:
D:        the_violet_keep_of_menkaure [sprint2_stairs_cluster_1,
          sprint2_shoproom, sprint2_temple, sprint2_basic_supplies,
          sprint2_obstacle_1, sprint2_obstacle_6, sprint2_obstacle_3,
          sprint2_obstacle_2, sprint2_obstacle_4, sprint2_timed_cluster_1,
          sprint2_smallroom_cluster_1, sprint2_smallroom_final_cluster_1,
          sprint2_transparent_cluster_1, sprint2_second_timed_cluster_1,
          sprint2_sniper_area_1, sprint2_heavy_combat_area_1,
          sprint2_mutation_trap_area_1, sprint2_forest_area_1,
          sprint2_light_combat_area_1, sprint2_behind_water_1,
          sprint2_near_end_vault_1]

Skill      XL: |  1  2  3  4  5 |
---------------+----------------+-----
Stealth        | 12 13 15 | 15.5
Fighting       | 3 5 |  5.5
Short Blades   | 4 6 |  6.9
Dodging        | |  3.2
Invocations    | |  1.7

Action                   |  1- 3 |  4- 6 || total
-------------------------+-------+-------++-------
Melee: Short sword       |    18 |    40 ||    58
       Punch             |       |     1 ||     1
  Use: Potion            |     2 |     2 ||     4
Armor: Robe              |     1 |       ||     1
Dodge: Dodged            |     9 |    14 ||    23

Table legend: (Time is in decaauts)
 A = Elapsed time spent in this place.
 B = Non-inter-level travel time spent in this place.
 C = Inter-level travel time spent in this place.
 D = Time resting spent in this place.
 E = Time spent auto-exploring this place.
 F = Levels seen in this place.
 G = Mean time per level.
                   A        B        C        D        E       F      G
               +--------+--------+--------+--------+--------+-----+--------+
         Total |    112 |    112 |      0 |     55 |      0 |   1 |  112.0 |
       Dungeon |    112 |    112 |      0 |     55 |      0 |   1 |  112.0 |
               +--------+--------+--------+--------+--------+-----+--------+

Top non-repeatable levels by time:
       D: 112 daAuts
